 Dungeon Crawl Stone Soup version 0.30.1-3-gfc49f6343a (webtiles) character file.

Game seed: 5230171699769929524

833 Destapler the Ducker (level 7, -6/52 HPs)
             Began as a Demonspawn Transmuter on July 30, 2023.
             Mangled by a two-headed ogre
             ... wielding a +0 giant spiked club
              (29 damage)
             ... on level 5 of the Dungeon on July 31, 2023.
             The game lasted 00:19:56 (3741 turns).

Destapler the Ducker (Demonspawn Transmuter)        Turns: 3741, Time: 00:20:21

Health: -6/52      AC:  5    Str: 10    XL:     7   Next: 65%
Magic:  10/11      EV: 14    Int: 17    God:
Gold:   226        SH:  0    Dex: 13    Spells: 9/12 levels left

rFire   . .          .
                       - Unarmed
rCold   . . .        (no shield)
rNeg    . . .        a - +0 robe
rPois   .            r - melded +2 hat
rElec   .            p - scarf {shadows}
rCorr   .            (no gloves)
SInv    .            (boots currently unavailable)
Will    .....        e - amulet of regeneration
Stlth   +            h - +4 ring of slaying
HPRegen 1.08/turn    (no ring)
MPRegen 0.12/turn

%: no passive effects
@: appendages
A: talons 2, horns 1, icy blue scales 2, foul stench 1, spiny 1
a: End Transformation


You were on level 5 of the Dungeon.
You had temporarily grown beastly talons.
You visited 1 branch of the dungeon, and saw 5 of its levels.

You collected 226 gold pieces.

Inventory:

Hand Weapons
 s - a +0 short sword of speed
Armour
 a - a +0 robe (worn)
 p - a scarf of shadows (worn)
 r - a +2 hat (melded)
 y - a +0 cloak
Jewellery
 e - an amulet of regeneration (around neck)
 h - a +4 ring of slaying (left hand)
 w - a ring of see invisible
Wands
 j - a wand of roots (11)
 k - a wand of flame (17)
Scrolls
 b - a scroll of teleportation {unknown}
 c - a scroll of brand weapon
 f - a scroll of fear
 i - a scroll of enchant armour
 l - 2 scrolls of vulnerability
 n - a scroll of amnesia {unknown}
 q - a scroll of butterflies {unknown}
 u - a scroll of noise {unknown}
 v - a scroll of magic mapping {unknown}
 x - a scroll of enchant weapon {unknown}
Potions
 d - a potion of attraction
 g - 4 potions of curing
 m - a potion of flight
 t - a potion of haste


   Skills:
 - Level 3.0 Fighting
 + Level 6.0 Dodging
 - Level 4.0 Unarmed Combat
 - Level 3.0 Spellcasting
 - Level 3.0 Transmutations
 - Level 1.0 Evocations


You had 9 spell levels left.
You knew the following spells:

 Your Spells              Type           Power      Damage    Failure   Level
a - Beastly Appendage     Tmut           24%        N/A       4%          1
b - Wereblood             Tmut           12%        N/A       8%          2

Your spell library contained the following spells:

 Spells                   Type           Power      Damage    Failure   Level
 Cigotuvi's Dreadful Rot  Necr/Pois/Air  4%         N/A       26%         2
 Spider Form              Tmut/Pois      7%         N/A       28%         3
 Ignite Poison            Fire/Tmut/Pois 5%         N/A       34%         3
 Ice Form                 Ice/Tmut       7%         N/A       67%         4
 Freezing Cloud           Conj/Ice/Air   1%         6-21      99%         5
 Chain Lightning          Conj/Air       1%         3d1       100%        9
 Fire Storm               Conj/Fire      1%         7d1       100%        9
 Shatter                  Erth           1%         3d5*      100%        9


Dungeon Overview and Level Annotations

Branches:
Dungeon (5/15)
 Temple: D:4-7

Altars:
Fedhas
Kikubaaqudgha
Sif Muna
Xom

Shops:
D:4 [


Innate Abilities, Weirdness & Mutations

You have temporarily grown beastly talons.
You have a pair of small horns on your head.
You are mostly covered in icy blue scales. (AC +3)
You may rarely emit foul miasma when damaged in melee.
You are partially covered in sharp spines.


Message History

Aiming: Fastroot
Press: ? - help, Shift-Dir - straight line, f/p - two-headed ogre
Aim: a two-headed ogre, wielding a +0 giant spiked club and a +0 giant club (lightly wounded)
The roots erupt in riotous growth!
Roots grab the two-headed ogre.
The grasping roots constrict the two-headed ogre.
You hear a shout! x2
The two-headed ogre struggles to escape constriction.
Aiming: Throw Flame
Press: ? - help, Shift-Dir - straight line, f/p - two-headed ogre
Aim: a two-headed ogre, wielding a +0 giant spiked club and a +0 giant club (moderately wounded, constricted by roots, 100% to hit)
The puff of flame hits the two-headed ogre!
The two-headed ogre is moderately wounded.
The grasping roots constrict the two-headed ogre.
The two-headed ogre escapes!
Aiming: Fastroot
Press: ? - help, Shift-Dir - straight line, f/p - two-headed ogre
Aim: a two-headed ogre, wielding a +0 giant spiked club and a +0 giant club (heavily wounded)
The roots erupt in riotous growth!
Roots grab the two-headed ogre.
The grasping roots constrict the two-headed ogre.
You hear a shout! x3
The two-headed ogre struggles to escape constriction.
Your feet morph into talons.
Your +2 hat melds into your body.
The grasping roots constrict the two-headed ogre.
The roots release their grip on the two-headed ogre.
You punch the two-headed ogre! You claw the two-headed ogre.
The two-headed ogre is severely wounded.
The two-headed ogre is struck by your spines.
The two-headed ogre hits you with a +0 giant spiked club!
The two-headed ogre hits you with a +0 giant club!
* * * LOW HITPOINT WARNING * * *
Unknown command.
You hit the two-headed ogre. You headbutt the two-headed ogre.
The two-headed ogre is almost dead.
The two-headed ogre is struck by your spines.
The two-headed ogre barely misses you.
The two-headed ogre hits you with a +0 giant club!!
Ouch! That really hurt!
You die...

... ..# ####..#
..... #.#.####.
#.#O..... #.@.#
.#####.#.#
.........#
.......#.# #.##...
.......#.# ##.....
..#####.#.#
....#.#...........#
#.....#...#####.###
#.#........ ..#.#


You could see a two-headed ogre.

Vanquished Creatures
  A black bear (D:4)
  A centaur (D:5)
  A phantom (D:4)
  A scorpion (D:4)
  A howler monkey (D:5)
  A hound (D:4)
  A jelly (D:4)
  3 orc priests
  3 iguanas (D:4)
  A sleepcap (D:4)
  Ijyb (D:3)
  An orc wizard (D:4)
  3 gnolls (D:4)
  5 adders
  3 worms
  2 dart slugs (D:2)
  10 orcs
  5 bats
  4 endoplasms
  4 giant cockroaches (D:1)
  7 goblins
  11 hobgoblins
  A jackal (D:2)
  8 quokkas
  9 ball pythons
  5 frilled lizards
  8 kobolds
  7 rats
108 creatures vanquished.

Notes
Turn   | Place    | Note
-------+----------+-------------------------------------------
     0 | D:1      | Destapler the Demonspawn Transmuter began the quest for the
                  | Orb.
     0 | D:1      | Reached XP level 1. HP: 15/15 MP: 3/3
   173 | D:1      | Gained mutation: You are partially covered in icy blue
                  | scales. (AC +2) [demonic ancestry]
   173 | D:1      | Reached XP level 2. HP: 21/21 MP: 3/5
   264 | D:1      | Reached skill level 2 in Dodging
   578 | D:1      | Gained mutation: You have a pair of small horns on your
                  | head. [demonic ancestry]
   578 | D:1      | Reached XP level 3. HP: 25/26 MP: 4/6
  1090 | D:2      | Reached XP level 4. HP: 33/33 MP: 7/7
  1359 | D:2      | Learned a level 2 spell: Wereblood
  2157 | D:3      | Found an ancient bone altar of Kikubaaqudgha.
  2158 | D:3      | Found a blossoming altar of Fedhas.
  2159 | D:3      | Found a shimmering altar of Xom.
  2159 | D:3      | Found a shimmering blue altar of Sif Muna.
  2350 | D:3      | Found a faded altar of an unknown god.
  2450 | D:3      | Noticed Ijyb
  2476 | D:3      | Killed Ijyb
  2480 | D:3      | Gained mutation: You are mostly covered in icy blue scales.
                  | (AC +3) [demonic ancestry]
  2480 | D:3      | Reached XP level 5. HP: 31/38 MP: 6/9
  2813 | D:4      | Reached skill level 1 in Evocations
  2934 | D:4      | Found Foatzexi's Armour Shoppe.
  2938 | D:4      | Noticed a black bear
  2946 | D:4      | Killed a black bear
  2947 | D:4      | Reached skill level 3 in Dodging
  2947 | D:4      | Gained mutation: You are partially covered in sharp spines.
                  | [demonic ancestry]
  2947 | D:4      | Reached XP level 6. HP: 44/47 MP: 7/10
  2993 | D:4      | Reached skill level 4 in Dodging
  3032 | D:4      | Gained mutation: You may rarely emit foul miasma when
                  | damaged in melee. [demonic ancestry]
  3032 | D:4      | Reached XP level 7. HP: 48/52 MP: 9/11
  3476 | D:5      | Entered Level 5 of the Dungeon
  3500 | D:4      | Reached skill level 5 in Dodging
  3633 | D:5      | Reached skill level 6 in Dodging
  3733 | D:5      | Noticed a two-headed ogre
  3741 | D:5      | Mangled by a two-headed ogre

Illustrated notes

Levels and vault maps discovered:
D:1:      spicycebolla_green_bress_n_ham, layout_basic, minivault_11,
          st_stairs_8, minmay_split_cup_small
D:2:      layout_loops_cross, palyth_stone_intersect, minmay_quadrilaterals
D:3:      layout_loops_corners, chequers_temple_overflow_statue_of_worship,
          ebering_ecumenical_altar_box, uniq_ijyb
D:4:      layout_loops_ring, serial_shops, shop
D:5:      layout_basic, uniq_sigmund, uniq_eustachio

Skill      XL: |  1  2  3  4  5  6  7 |
---------------+----------------------+-----
Transmutations | 2 3 |  3.0
Dodging        | 2 3 4 6 |  6.0
Unarmed Combat | 3 4 |  4.0
Fighting       | 2 3 |  3.0
Evocations     | 1 |  1.0
Spellcasting   | 3 |  3.0

Action                     |  1- 3 |  4- 6 |  7- 9 || total
---------------------------+-------+-------+-------++-------
  Melee: Unarmed           |    97 |    81 |    43 ||   221
         Kick              |    16 |    32 |     7 ||    55
         Headbutt          |    10 |    15 |     4 ||    29
         Punch             |     2 |     1 |     2 ||     5
         Short sword       |       |    25 |       ||    25
   Cast: Beastly Appendage |    26 |    25 |     9 ||    60
         Wereblood         |       |     3 |     1 ||     4
  Evoke: Wand              |       |       |     5 ||     5
    Use: Scroll            |       |     4 |     5 ||     9
         Potion            |       |     1 |     2 ||     3
 Armour: Robe              |    25 |    24 |     7 ||    56
         Skin              |       |    16 |    43 ||    59
  Dodge: Dodged            |    68 |    44 |    24 ||   136
